 Dungeon Crawl Stone Soup version 0.28-a0-2-g643f2454ad (webtiles) character file.

Game seed: 12183920172507470522

34 siradein the Slasher (level 3, -1/29 HPs)
             Began as a Demonspawn Monk on July 23, 2021.
             Slain by an adder (4 damage)
             ... on level 2 of the Dungeon.
             The game lasted 00:01:51 (983 turns).

siradein the Slasher (Demonspawn Monk)               Turns: 983, Time: 00:01:52

Health: -1/29      AC:  2    Str: 17    XL:     3   Next: 14%
Magic:  3/3        EV: 12    Int: 12    God:
Gold:   54         SH:  0    Dex: 15    Spells: 2/2 levels left

rFire   . . .      SeeInvis .   a - +0 falchion
rCold   . . .      Faith    .   (no shield)
rNeg    . . .      Spirit   .   b - +0 robe
rPois   .          Reflect  .   (no helmet)
rElec   .          Harm     .   (no cloak)
rCorr   .          Rampage  .   (no gloves)
Will    .....                   (no boots)
Stlth   ++........              (no amulet)
HPRegen 0.09/turn               d - +6 ring of strength
MPRegen 0.08/turn               (no ring)

@: lethally poisoned (-1 -> -8)
A: hooves 1, sturdy frame 1
a: no special abilities


You were on level 2 of the Dungeon.
You visited 1 branch of the dungeon, and saw 2 of its levels.

You collected 54 gold pieces.

Inventory:

Hand Weapons
 a - a +0 falchion (weapon)
Armour
 b - a +0 robe (worn)
Jewellery
 d - a +6 ring of strength (left hand)
Scrolls
 c - 3 scrolls of identify {unknown}
 f - a scroll of fog {unknown}
 g - a scroll of teleportation {unknown}
Potions
 e - a potion of resistance {unknown}
 h - a potion of mutation {unknown}


   Skills:
 - Level 3.0 Fighting
 + Level 3.9 Long Blades
 - Level 2.6 Dodging
 - Level 1.7 Stealth


You had 2 spell levels left.
You didn't know any spells.
Your spell library was empty.

Dungeon Overview and Level Annotations

Branches:
Dungeon (2/15)

Altars:

Shops:
D:1 [:*=!


Innate Abilities, Weirdness & Mutations

You have large cloven feet.
Your movements are slightly less encumbered by armour. (ER -2)


Message History

You hit the worm. Your kick misses the worm.
The worm is heavily wounded.
The worm bites you.
You hit the worm.
The worm is severely wounded.
The adder barely misses you.
You riposte.
You hit the adder but do no damage. Your kick misses the adder.
The adder bites you.
You hit the worm but do no damage.
The worm is severely wounded.
The worm bites you but does no damage. The adder barely misses you.
You riposte.
You miss the adder. You slash the worm!
You kill the worm!
The adder bites you.
You are poisoned.
The adder poisons you!
Your life force feels restored.
You hit the adder. You kick the adder, but do no damage.
The adder is lightly wounded.
You feel sick. The adder closely misses you.
You riposte.
You hit the adder but do no damage.
The adder is lightly wounded.
The adder bites you.
You are too injured to fight recklessly!
Unknown command.
You hit the adder.
The adder is heavily wounded.
You feel sick. The adder closely misses you.
You closely miss the adder.
The adder is heavily wounded.
You feel sick. The adder bites you.
* * * LOW HITPOINT WARNING * * *
You are lethally poisoned!
The adder poisons you! The adder bites you.
* * * LOW HITPOINT WARNING * * *
You barely miss the adder.
The adder is heavily wounded.
* * * LOW HITPOINT WARNING * * *
You feel sick. The adder bites you.
You die...

.##.# ...# #..# .#
####..## #..# #......#
.... #......# ##...#
###......######..#.#
......S@..$.....##.#
##..^....##.?....#.#
##^_....##......#.#####
#..^...##......<......
#......##.............
#..................##.
#####.##........##....
#....####...# #... ##..
#.### .##


You could see an adder.

Vanquished Creatures
  A dart slug (D:1)
  A worm (D:2)
  5 ball pythons (D:1)
  3 endoplasms (D:1)
  2 goblins (D:1)
  3 hobgoblins
  4 bats (D:1)
  A frilled lizard (D:1)
  4 kobolds (D:1)
  8 rats (D:1)
32 creatures vanquished.

Notes
Turn   | Place    | Note
-------+----------+-------------------------------------------
     0 | D:1      | siradein the Demonspawn Monk began the quest for the Orb.
     0 | D:1      | Reached XP level 1. HP: 18/18 MP: 1/1
   111 | D:1      | Gained mutation: You have large cloven feet. [demonic
                  | ancestry]
   111 | D:1      | Reached XP level 2. HP: 19/24 MP: 2/2
   214 | D:1      | Found Waur's Distillery.
   276 | D:1      | Found Vyanua's Jewellery Boutique.
   302 | D:1      | Found Anoeschatt's General Store.
   356 | D:1      | Found Gem Yrin's Book Shop.
   554 | D:1      | Found Bixko's Armour Shop.
   729 | D:1      | Gained mutation: Your movements are slightly less
                  | encumbered by armour. (ER -2) [demonic ancestry]
   729 | D:1      | Reached XP level 3. HP: 24/29 MP: 3/3
   970 | D:2      | Found a faded altar of an unknown god.
   983 | D:2      | Slain by an adder

Illustrated notes

Levels and vault maps discovered:
D:1:      psy_arrival_heroes, layout_basic, serial_shops, shop,
          nicolae_shop_temple_entry_statues_fountains, shop, shop,
          nicolae_shop_stone
D:2:      layout_rooms, ebering_ecumenical_altar_webs

Skill      XL: |  1 |
---------------+----+-----
Long Blades    | 3 |  3.9
Fighting       | |  3.0
Dodging        | |  2.6
Stealth        | |  1.7

Action                   || total
-------------------------++-------
Melee: Falchion          ||    60
       Kick              ||     9
 Stab: Sleeping          ||     5
Armor: Robe              ||    10
Dodge: Dodged            ||    46
       Rpst.: Falchion   ||    14

Table legend: (Time is in decaauts)
 A = Elapsed time spent in this place.
 B = Non-inter-level travel time spent in this place.
 C = Inter-level travel time spent in this place.
 D = Time resting spent in this place.
 E = Time spent auto-exploring this place.
 F = Levels seen in this place.
 G = Mean time per level.
                   A        B        C        D        E       F      G
               +--------+--------+--------+--------+--------+-----+--------+
         Total |    989 |    946 |     43 |      0 |    756 |   2 |  494.5 |
       Dungeon |    989 |    946 |     43 |      0 |    756 |   2 |  494.5 |
               +--------+--------+--------+--------+--------+-----+--------+

Top non-repeatable levels by time:
     D:1: 966 daAuts
     D:2: 22 daAuts
